 Dungeon Crawl Stone Soup version 0.26-a0-712-ga5a9c9c9d0 (webtiles) character file.

Game seed: 18297691697294930198

12444 graki42 the Thaumaturge (level 11, 0/54 HPs)
             Began as a Deep Elf Conjurer on Nov 11, 2020.
             Was an Elder of Vehumet.
             Slain by a two-headed ogre
             ... wielding a +0 giant spiked club
              (25 damage)
             ... on level 11 of the Dungeon.
             The game lasted 00:42:05 (11825 turns).

graki42 the Thaumaturge (Deep Elf Conjurer)        Turns: 11825, Time: 00:42:08

Health: 0/54       AC:  5    Str:  7    XL:     11   Next: 62%
Magic:  27/31      EV: 13    Int: 24    God:    Vehumet [****..]
Gold:   617        SH:  0    Dex: 13    Spells: 20/39 levels left

rFire    . . .     SeeInvis +   u - +3 dagger (venom)
rCold    . . .     Faith    .   (no shield)
rNeg     . . .     Spirit   .   a - +0 robe
rPois    +         Reflect  .   (no helmet)
rElec    .         Harm     .   A - +0 cloak
rCorr    .         Rampage  .   t - +1 pair of gloves
MR       ++...                  (no boots)
Stlth    ++........             (no amulet)
HPRegen  0.18/turn              x - ring "Volef" {+Inv MR+ SInv}
MPRegen  0.22/turn              G - ring of poison resistance

@: no status effects
A: no striking features
a: Renounce Religion, Evoke Invisibility


You were on level 11 of the Dungeon.
You worshipped Vehumet.
Vehumet was greatly pleased with you.
You visited 2 branches of the dungeon, and saw 12 of its levels.

You collected 617 gold pieces.

Inventory:

Hand Weapons
 u - a +3 dagger of venom (weapon)
Missiles
 y - 8 curare-tipped darts (quivered)
Armour
 a - a +0 robe (worn)
 t - a +1 pair of gloves (worn)
 A - a +0 cloak (worn)
 H - a cursed +0 buckler
Jewellery
 n - a +6 ring of intelligence
 x - the ring "Volef" (left hand) {+Inv MR+ SInv}
   (You found it on level 9 of the Dungeon)

   [ring of see invisible]

   It affects your resistance to hostile enchantments.
   It lets you see invisible.
   It lets you turn invisible.
 C - a +4 ring of protection
 G - a ring of poison resistance (right hand)
 M - an uncursed ring of fire
 Q - an uncursed ring of protection from cold {unknown}
Wands
 o - a wand of disintegration (27)
 p - a wand of random effects (17)
 v - a wand of digging (15)
 F - a wand of paralysis (11)
 I - a wand of flame (17)
 K - a wand of enslavement (5)
 L - a wand of polymorph (8)
 O - a wand of acid (10)
Scrolls
 d - 2 scrolls of teleportation
 g - a scroll of fear
 h - 4 scrolls of identify
 i - 3 scrolls of remove curse
 j - 2 scrolls of blinking
 k - 4 scrolls of immolation
 l - 2 scrolls of amnesia
 w - a scroll of torment {unknown}
 z - 3 scrolls of enchant weapon
 D - 2 scrolls of magic mapping
 J - a scroll of holy word
Potions
 b - 3 potions of brilliance
 c - 2 potions of flight
 e - a potion of invisibility
 m - 4 potions of haste
 q - 4 potions of ambrosia
 r - 4 potions of curing
 s - 2 potions of lignification
 B - 3 potions of stabbing
 E - 2 potions of resistance
 N - a potion of cancellation {unknown}
 P - a potion of degeneration {unknown}


   Skills:
 - Level 3.0 Dodging
 - Level 3.0 Stealth
 + Level 14.6 Spellcasting
 + Level 13.0 Conjurations
 - Level 6.0 Hexes
 + Level 3.6 Necromancy
 - Level 4.0 Translocations
 - Level 5.0 Fire Magic
 + Level 3.3 Earth Magic


You had 20 spell levels left.
You knew the following spells:

 Your Spells              Type           Power        Failure   Level
a - Magic Dart            Conj           ####         0%          1
b - Searing Ray           Conj           ######       0%          2
c - Fulminant Prism       Conj/Hex       ######....   1%          4
d - Iskenderun's Mystic   Conj/Tloc      ######..     1%          4
e - Inner Flame           Hex/Fire       #####...     1%          3
f - Borgnjor's Vile Clut  Necr/Erth      ####......   22%         5

Your spell library contained the following spells:

 Spells                   Type           Power        Failure   Level
 Ignite Poison            Fire/Tmut/Pois ####....     1%          3
 Freeze                   Ice            ###.         1%          1
 Ensorcelled Hibernation  Hex/Ice        ####..       1%          2
 Dazzling Flash           Conj/Hex       ######       1%          3
 Hailstorm                Conj/Ice       #####...     1%          4
 Frozen Ramparts          Ice            ###...       2%          3
 Ozocubu's Armour         Ice            ###.....     10%         3
 Silence                  Hex/Air        ####......   26%         5
 Summon Ice Beast         Ice/Summ       ###.....     32%         4
 Shadow Creatures         Summ           N/A          99%         6


Dungeon Overview and Level Annotations

Branches:
Dungeon (11/15)            Temple (1/1) D:5            Lair (0/6) D:8
    Orc (0/2) D:9

Altars:
Ashenzari
Cheibriados
Dithmenos
Elyvilon
Fedhas
Gozag
Hepliaklqana
Kikubaaqudgha
Makhleb
Nemelex Xobeh
Okawaru
Qazlal
Ru
Sif Muna
Trog
Uskayaw
Vehumet
Wu Jian
Xom
Yredelemnul
Zin
The Shining One


Message History

Unknown command.
A fulminant prism is nearby!
Your fulminant prism explodes!
You start resting.
HP restored.
You start resting.
Magic restored.
You climb downwards.
The two-headed ogre hits you with a +0 giant spiked club!!
The two-headed ogre hits you with a +0 giant club.
There is a stone staircase leading up, spattered with blood here.
You see here a stone.
Casting: Iskenderun's Mystic Blast (safe; 1% risk of failure)
Confirm with . or Enter, or press ? or * to list all spells.
You erupt in a blast of force!
The mystic blast hits the two-headed ogre.
The two-headed ogre is lightly wounded.
You hear a shout! x2
The two-headed ogre hits you with a +0 giant spiked club!!
You die...

.....z..<#
##........g
#........O.g
#..##...##o.#
##.. ..### #.#
...[##### ..#
...[....# o#
.......).O#
#####.........@#
#...)..#########
..... .... #..
#D# #<# #o..#
...###


You could see a two-headed ogre.

Vanquished Creatures
  2 two-headed ogres
  A death yak (D:8)
  The ghost of HunterMK the Slicer, a novice VSFi of Okawaru (D:9)
  The ghost of PanSaczeczos the Wallflower, a novice VSEn of Uskayaw (D:8)
  An ugly thing (D:9)
  A gargoyle (D:11)
  The ghost of gbos the Digger, a novice GrEE (D:4)
  2 trolls
  A hornet (D:10)
  A polar bear (D:8)
  16 yaks
  A wyvern (D:8)
  3 spriggans (D:8)
  Edmund (D:5)
  2 neqoxecs (D:9)
  Duvessa (D:5)
  3 orc warriors
  3 sky beasts
  A black bear (D:10)
  2 ice beasts
  A centaur (D:9)
  6 ogres
  4 phantoms
  A wolf (D:8)
  2 big kobolds
  2 bullfrogs
  A wyvern zombie (D:8)
  3 wyvern skeletons
  Dowan (D:5)
  A water moccasin skeleton (D:9)
  5 killer bees (D:9)
  A wight (D:11)
  2 howler monkeys
  A centaur zombie (D:9)
  2 bullfrog zombies
  3 quasits (D:9)
  A centaur skeleton (D:9)
  11 orc wizards
  7 orc priests
  3 hounds
  2 jellies
  An iguana (D:8)
  9 worker ants
  A killer bee zombie (D:8)
  2 hound skeletons
  2 worker ant zombies
  3 gnolls (D:9)
  9 adders
  4 shadow imps
  3 white imps
  A worker ant simulacrum (D:8)
  An ooze (D:1)
  2 ufetubi
  5 adder skeletons
  2 worms (D:2)
  A dart slug (D:2)
  9 leopard geckos
  49 orcs
  4 ball pythons
  10 bats
  4 giant cockroaches
  8 goblins
  10 hobgoblins
  7 jackals
  14 kobolds
  6 quokkas
  8 frilled lizards
  A leopard gecko zombie (D:5)
  A quokka simulacrum (D:8)
  3 rats
  A fulminant prism (D:8)
286 creatures vanquished.

Vanquished Creatures (others)
  A human (D:9)
  36 fulminant prisms
  4 fungi (D:8)
  5 plants (D:8)
  4 toadstools (D:1)
  2 withered plants (D:4)
52 creatures vanquished.

Grand Total: 338 creatures vanquished

Notes
Turn   | Place    | Note
-------+----------+-------------------------------------------
     0 | D:1      | graki42 the Deep Elf Conjurer began the quest for the Orb.
     0 | D:1      | Reached XP level 1. HP: 10/10 MP: 6/6
   136 | D:1      | Reached XP level 2. HP: 15/15 MP: 1/8
   199 | D:1      | Learned a level 2 spell: Searing Ray
   561 | D:1      | Reached XP level 3. HP: 19/19 MP: 3/10
  1011 | D:2      | Reached skill level 4 in Spellcasting
  1034 | D:2      | Reached skill level 5 in Conjurations
  1354 | D:2      | Reached XP level 4. HP: 24/24 MP: 10/12
  1996 | D:3      | Learned a level 4 spell: Fulminant Prism
  2001 | D:3      | Learned a level 4 spell: Iskenderun's Mystic Blast
  2497 | D:4      | Noticed an ogre
  2498 | D:4      | Reached skill level 1 in Hexes
  2498 | D:4      | Reached XP level 5. HP: 28/28 MP: 10/14
  2506 | D:4      | Killed an ogre
  2506 | D:4      | Reached skill level 5 in Spellcasting
  2506 | D:4      | Reached skill level 1 in Translocations
  2598 | D:4      | Noticed an ogre
  2793 | D:4      | Noticed a phantom
  2809 | D:4      | Killed a phantom
  2809 | D:4      | Reached XP level 6. HP: 32/32 MP: 8/16
  2893 | D:4      | Reached skill level 6 in Spellcasting
  3078 | D:4      | Found a runed translucent door.
  3079 | D:4      | Noticed gbos's ghost (novice GrEE)
  3255 | D:4      | Reached XP level 7. HP: 36/36 MP: 14/18
  3737 | D:4      | Killed gbos's ghost
  3819 | D:5      | Entered Level 5 of the Dungeon
  3819 | D:5      | Noticed Edmund
  3833 | D:5      | Killed Edmund
  3833 | D:5      | Reached skill level 7 in Spellcasting
  3833 | D:5      | Reached skill level 5 in Hexes
  3934 | D:5      | Reached XP level 8. HP: 41/41 MP: 17/20
  4191 | D:5      | Found a staircase to the Ecumenical Temple.
  4237 | Temple   | Entered the Ecumenical Temple
  4260 | Temple   | Became a worshipper of Vehumet
  4602 | D:5      | Noticed Duvessa
  4602 | D:5      | Noticed Dowan
  4613 | D:5      | Killed Duvessa
  4613 | D:5      | Reached skill level 8 in Spellcasting
  4622 | D:5      | Killed Dowan
  5461 | D:6      | Found a burning altar of Makhleb.
  5465 | D:6      | Reached skill level 9 in Spellcasting
  5710 | D:7      | Reached * piety under Vehumet
  5710 | D:7      | Offered knowledge of Shock by Vehumet.
  6036 | D:7      | Noticed a troll
  6042 | D:7      | Killed a troll
  6042 | D:7      | Reached XP level 9. HP: 29/45 MP: 14/24
  6151 | D:7      | You fall into a shaft and drop 1 floor!
  6206 | D:8      | Found a staircase to the Lair.
  6370 | D:7      | Found a stormy altar of Qazlal.
  6389 | D:7      | Reached skill level 10 in Spellcasting
  6396 | D:7      | Reached ** piety under Vehumet
  6396 | D:7      | Offered knowledge of Sandblast by Vehumet.
  6584 | D:8      | Noticed a two-headed ogre
  6592 | D:8      | Killed a two-headed ogre
  6592 | D:8      | Reached skill level 11 in Spellcasting
  6592 | D:8      | Reached skill level 10 in Conjurations
  6942 | D:8      | Found a burning altar of Makhleb.
  6944 | D:8      | Found a runed translucent door.
  6944 | D:8      | Identified the +8 spear of Disembowelment {vorpal, Dex+2}
  6947 | D:8      | Noticed PanSaczeczos's ghost (novice VSEn)
  6962 | D:8      | Killed PanSaczeczos's ghost
  6962 | D:8      | Reached skill level 12 in Spellcasting
  6962 | D:8      | Reached XP level 10. HP: 20/50 MP: 13/28
  7057 | D:8      | Offered knowledge of Inner Flame by Vehumet.
  7063 | D:8      | Learned a level 3 spell: Inner Flame
  7182 | D:8      | Noticed a death yak
  7201 | D:8      | Killed a death yak
  7204 | D:8      | Reached skill level 13 in Spellcasting
  7356 | D:8      | Reached *** piety under Vehumet
  7445 | D:8      | Reached skill level 1 in Fire Magic
  8075 | D:9      | Found a staircase to the Orcish Mines.
  8109 | D:9      | Found a transporter.
  8131 | D:9      | Found a shimmering blue altar of Sif Muna.
  8424 | D:9      | Offered knowledge of Airstrike by Vehumet.
  8435 | D:9      | Noticed a two-headed ogre
  8450 | D:9      | Killed a two-headed ogre
  8539 | D:9      | Noticed a green ugly thing
  8554 | D:9      | Killed a green ugly thing
  8568 | D:9      | Reached XP level 11. HP: 46/54 MP: 20/30
  8830 | D:9      | Found a transporter.
  8845 | D:9      | Noticed HunterMK's ghost (novice VSFi)
  8862 | D:9      | Killed HunterMK's ghost
  8862 | D:9      | Reached skill level 14 in Spellcasting
  8982 | D:9      | Learned a level 5 spell: Borgnjor's Vile Clutch
  9091 | D:9      | Found an ancient bone altar of Kikubaaqudgha.
  9237 | D:9      | Found a burning altar of Makhleb.
  9243 | D:9      | Reached **** piety under Vehumet
  9243 | D:9      | Reached skill level 1 in Necromancy
  9243 | D:9      | Reached skill level 1 in Earth Magic
  9357 | D:9      | Got a glittering lead ring
  9361 | D:9      | Identified the ring "Volef" {+Inv MR+ SInv} (You found it
                  | on level 9 of the Dungeon)
  9599 | D:10     | Entered Level 10 of the Dungeon
  9605 | D:10     | Offered knowledge of Ignite Poison by Vehumet.
 10959 | D:11     | Noticed a seven-headed hydra
 10963 | D:10     | Reached skill level 5 in Fire Magic
 11160 | D:11     | Noticed a two-headed ogre
 11825 | D:11     | Slain by a two-headed ogre

Illustrated notes

Levels and vault maps discovered:
D:1:      ldierk_water_garden, layout_rooms
D:2:      layout_basic
D:3:      layout_loops_cross, minmay_distorted
D:4:      layout_cave_pools, gammafunk_ghost_grave
D:5:      layout_basic, temple_pool_b, uniq_duvessa, uniq_edmund
D:6:      layout_rooms, makhleb_heckhound_becter
D:7:      layout_cave_pools, basic_altar, kennysheep_generic_room_13
D:8:      layout_basic, dpeg_oklobed_lair, ebering_ghost_funeral_grove,
          serial_ice, serial_ice_n, serial_ice_l, serial_ice_e, serial_ice_g,
          basic_altar
D:9:      minmay_the_grid_triangle_9x9_recursive_2
          [minmay_the_grid_triangle_9x9_prize_insulated,
          minmay_the_grid_triangle_9x9_shrine,
          minmay_the_grid_triangle_9x9_longest,
          minmay_the_grid_triangle_9x9_sparse_checkered], layout_loops_corners,
          nicolae_overflow_crystal_walls, orc_0_dummy,
          gammafunk_ghost_stat_death, nrook_uturn, tgw_kikubaaqudgha
D:10:     layout_layer_cave, nrook_mini_backslash, grunt_decor_cap,
          solitary_fountain, hex_tiny
D:11:     layout_rooms
Temple:   grunt_wide_crystal_templ

Skill      XL: |  1  2  3  4  5  6  7  8  9 10 11 |
---------------+----------------------------------+-----
Stealth        | 3 |  3.0
Dodging        | 3 |  3.0
Spellcasting   | 4 5 6 7 9 12 13 14 | 14.6
Conjurations   | 5 6 7 9 11 12 13 | 13.0
Hexes          | 1 2 3 5 6 |  6.0
Translocations | 2 4 |  4.0
Fire Magic     | 4 5 |  5.0
Necromancy     | 3 |  3.6
Earth Magic    | 3 |  3.3

Action                   |  1- 3 |  4- 6 |  7- 9 | 10-12 || total
-------------------------+-------+-------+-------+-------++-------
Melee: Dagger            |       |     1 |     5 |       ||     6
 Cast: Magic Dart        |    53 |    61 |    46 |    39 ||   199
       Searing Ray       |     8 |    18 |    67 |    58 ||   151
       Iskenderun's Myst |       |       |     4 |    19 ||    23
       Fulminant Prism   |       |       |     4 |    33 ||    37
       Inner Flame       |       |       |       |     2 ||     2
  Use: Potion            |       |       |     1 |     2 ||     3
       Scroll            |       |       |       |    19 ||    19
 Stab: Sleeping          |       |     1 |     1 |       ||     2
Armor: Robe              |       |     2 |    10 |    19 ||    31
Dodge: Dodged            |     2 |     8 |    25 |    52 ||    87

Table legend: (Time is in decaauts)
 A = Elapsed time spent in this place.
 B = Non-inter-level travel time spent in this place.
 C = Inter-level travel time spent in this place.
 D = Time resting spent in this place.
 E = Time spent auto-exploring this place.
 F = Levels seen in this place.
 G = Mean time per level.
                   A        B        C        D        E       F      G
               +--------+--------+--------+--------+--------+-----+--------+
         Total |  11836 |  11613 |    223 |   2235 |   7690 |  12 |  986.3 |
       Dungeon |  11767 |  11557 |    210 |   2235 |   7640 |  11 | 1069.7 |
        Temple |     68 |     55 |     13 |      0 |     50 |   1 |   68.0 |
               +--------+--------+--------+--------+--------+-----+--------+

Top non-repeatable levels by time:
    D:10: 2200 daAuts
     D:9: 1573 daAuts
     D:8: 1534 daAuts
     D:4: 1202 daAuts
     D:5: 1173 daAuts
     D:3: 1060 daAuts
     D:7: 903 daAuts
     D:1: 850 daAuts
     D:2: 709 daAuts
     D:6: 524 daAuts
  Temple: 68 daAuts
    D:11: 34 daAuts
